 Dungeon Crawl Stone Soup version 0.32-a0-933-ga8fa3634e4 (webtiles) character file.

Game seed: 15257728283214053468

51 GrimJard the Digger (level 3, 0/19 HPs)
             Began as a Gargoyle Earth Elementalist on Apr 14, 2024.
             Slain by a gnoll
             ... wielding a +0 halberd
              (4 damage)
             ... on level 2 of the Dungeon.
             The game lasted 00:02:56 (1411 turns).

GrimJard the Digger (Gargoyle Earth Elementalist)   Turns: 1411, Time: 00:02:57

Health: 0/19       AC:  5    Str: 11    XL:     3   Next: 83%
Magic:  2/6        EV: 11    Int: 17    God:
Gold:   35         SH:  0    Dex: 10    Spells: 6/7 levels left

rFire   . . .        a - +0 dagger (flame)
rCold   . . .        (no shield)
rNeg    + . .        f - +0 robe
rPois   ∞            (no helmet)
rElec   +            (no cloak)
rCorr   .            (no gloves)
SInv    .            (no boots)
Will    .....        (no amulet)
Stlth   ++           (no ring)
HPRegen 0.23/turn    (no ring)
MPRegen 0.10/turn

%: no passive effects
@: about to teleport
A: sickness immunity, AC +3, negative energy resistance 1, electricity
resistance, torment resistance 1, petrification resistance
a: no special abilities


You were on level 2 of the Dungeon.
You visited 1 branch of the dungeon, and saw 2 of its levels.

You collected 35 gold pieces.

Inventory:

Hand Weapons
 a - a +0 dagger of flaming (weapon)
Armour
 f - a +0 robe (worn)
Scrolls
 d - a scroll of vulnerability {unknown}
 e - a scroll of enchant armour {unknown}
 g - a scroll of enchant weapon {unknown}
Potions
 b - 2 potions of magic
 h - a potion of attraction {unknown}


   Skills:
 + Level 1.8 Dodging
 + Level 2.7 Stealth
 * Level 2.5 Spellcasting
 * Level 2.2 Conjurations
 * Level 4.1 Earth Magic


You had 6 spell levels left.
You knew the following spells:

 Your Spells              Type           Power      Damage    Failure   Level
a - Sandblast             Erth           32%        2d9       3%          1

Your spell library contained the following spells:

 Spells                   Type           Power      Damage    Failure   Level
 Passwall                 Erth           16%        N/A       10%         3
 Stone Arrow              Conj/Erth      26%        3d8       16%         3
 Brom's Barrelling Bould  Conj/Erth      13%        2d4       45%         4
 Petrify                  Alch/Erth      9%         N/A       61%         4


Dungeon Overview and Level Annotations

Branches:
Dungeon (2/15)

Altars:


Innate Abilities, Weirdness & Mutations

You are immune to sickness and miasma.
Your stone body is resilient. (AC +3)
You are immune to poison.
You resist negative energy. (rN+)
You are resistant to electric shocks. (rElec)
You are resistant to unholy torment.
You are immune to petrification.


Message History

g - a scroll labelled HYETO YDYR
h - a puce potion A quokka comes into view.
Things that are here:
a +0 short sword; a kobold corpse
i - a +0 short sword A kobold comes into view.
It is wielding a +0 whip.
The blast of sand hits the kobold.
You kill the kobold!
You miscast Sandblast.
You are very lightly contaminated with residual magic.
Nothing appears to happen.
The blast of sand hits the quokka.
The quokka is heavily wounded.
The quokka barely misses you. The quokka bites you.
The blast of sand hits the quokka!
You kill the quokka!
HP restored.
Your magical contamination has completely faded away.
A gnoll comes into view.
It is wielding a +0 halberd of freezing.
You drop a +0 short sword.
The gnoll shouts!
You hear a shout!
A gnoll comes into view. It is wielding a +0 flail.
A gnoll comes into view. It is wielding a +0 halberd.
The blast of sand hits the gnoll!
The gnoll is severely wounded.
The gnoll shouts!
The gnoll hits you from afar with a +0 halberd of freezing!
The gnoll freezes you.
The blast of sand misses the gnoll.
The gnoll barely misses you.
The blast of sand hits the gnoll!
You kill the gnoll!
The blast of sand hits the gnoll.
The gnoll is moderately wounded.
The gnoll hits you from afar with a +0 halberd!
* * * LOW HITPOINT WARNING * * *
As you read the scroll of teleportation, it crumbles to dust.
You feel strangely unstable.
The gnoll hits you from afar with a +0 halberd.
You die...

#...#### ### #......#
#.# #......# #.#
#......#
#########.###.)†...#
#.............#..).#
#.##..........#.......
#........g##....###
#......g.@##....#
#.......)..####.#
#..........####.#
.##.....†.......# #
......#......##...
....#.#...#### #.
.##...#...#
..........####
.##..........#


You could see 2 gnolls.

Vanquished Creatures
  2 gnolls
  2 bats
  An endoplasm (D:1)
  A giant cockroach (D:1)
  4 goblins
  3 hobgoblins (D:1)
  4 quokkas
  5 ball pythons
  2 frilled lizards (D:1)
  2 kobolds (D:2)
  4 rats
30 creatures vanquished.

Notes
Turn   | Place    | Note
-------+----------+-------------------------------------------
     0 | D:1      | GrimJard the Gargoyle Earth Elementalist began the quest
                  | for the Orb.
     0 | D:1      | Reached XP level 1. HP: 10/10 MP: 3/3
   301 | D:1      | Reached XP level 2. HP: 15/15 MP: 1/5
   564 | D:1      | Reached skill level 4 in Earth Magic
   618 | D:1      | Reached XP level 3. HP: 19/19 MP: 4/6
  1411 | D:2      | Slain by a gnoll

Illustrated notes

Levels and vault maps discovered:
D:1:      lightli_arrival_flooded_house, layout_loops_ring,
          chequers_serial_rivers_small_a
D:2:      layout_basic

Skill      XL: |  1  2  3 |
---------------+----------+-----
Earth Magic    | 4 |  4.1
Conjurations   | 2 |  2.2
Dodging        | |  1.8
Stealth        | |  2.7
Spellcasting   | |  2.5

Action                     || total
---------------------------++-------
   Cast: Sandblast         ||    41
    Use: Scroll            ||     4
 Armour: Robe              ||    13
  Dodge: Dodged            ||    10

Table legend: (Time is in decaauts)
 A = Elapsed time spent in this place.
 B = Non-inter-level travel time spent in this place.
 C = Inter-level travel time spent in this place.
 D = Time resting spent in this place.
 E = Time spent auto-exploring this place.
 F = Levels seen in this place.
 G = Mean time per level.
                   A        B        C        D        E       F      G
               +--------+--------+--------+--------+--------+-----+--------+
         Total |   1434 |   1350 |     84 |    139 |   1030 |   2 |  717.0 |
       Dungeon |   1434 |   1350 |     84 |    139 |   1030 |   2 |  717.0 |
               +--------+--------+--------+--------+--------+-----+--------+

Top non-repeatable levels by time:
     D:1: 1217 daAuts
     D:2: 217 daAuts
